 Dungeon Crawl Stone Soup version 0.21-a0-404-g291f19a (webtiles) character file.

95 tof the Slasher (level 4, -1/60 HPs)
             Began as a Minotaur Berserker on Oct 29, 2017.
             Was a Believer of Trog.
             Slain by a gnoll
             ... wielding a +0 spear
              (2 damage)
             ... on level 2 of the Dungeon.
             The game lasted 00:01:36 (1163 turns).

tof the Slasher (Minotaur Berserker)                Turns: 1163, Time: 00:01:36

Health: -1/60      AC:  3    Str: 27    XL:     4   Next: 40%
Magic:  3/3        EV: 12    Int:  4    God:    Trog [**....]
Gold:   80         SH:  0    Dex: 10    Spells: 3/3 levels left

rFire    . . .     SeeInvis .   a - +0 falchion
rCold    . . .     Gourm    .   (no shield)
rNeg     + . .     Faith    .   d - +0 leather armour
rPois    .         Spirit   .   (helmet restricted)
rElec    .         Reflect  .   (no cloak)
rCorr    .         Harm     .   (no gloves)
MR       .....                  (no boots)
Stlth    ..........             (no amulet)
HPRegen  0.20/turn              j - ring of positive energy
MPRegen  0.08/turn              (no ring)

@: berserking (expiring), very quick
A: retaliatory headbutt, horns 2
a: Berserk, Trog's Hand, Burn Spellbooks, Renounce Religion


You were on level 2 of the Dungeon.
You worshipped Trog.
Trog was pleased with you.
You were hungry.

You visited 1 branch of the dungeon, and saw 2 of its levels.

You collected 80 gold pieces.

Inventory:

Hand Weapons
 a - a +0 falchion (weapon)
Armour
 d - a +0 leather armour (worn)
Jewellery
 j - a ring of positive energy (left hand)
Scrolls
 f - a scroll of immolation {unknown}
 l - a scroll of teleportation {unknown}
 m - a scroll of random uselessness {unknown}
Potions
 b - a potion of agility {unknown}
 e - a potion of haste {unknown}
 g - a potion of heal wounds {unknown}
 h - a potion of invisibility {unknown}
 i - a potion of curing {unknown}
Comestibles
 c - a bread ration
 k - a meat ration
 n - 2 chunks of flesh


   Skills:
 + Level 4.2 Fighting
 * Level 4.8 Long Blades
 + Level 1.1 Throwing
 + Level 3.2 Armour
 + Level 2.9 Dodging


You had 3 spell levels left.
You didn't know any spells.

Dungeon Overview and Level Annotations

Branches:
Dungeon (2/15)

Altars:


Innate Abilities, Weirdness & Mutations

You reflexively headbutt those who attack you in melee.
You have a pair of horns on your head.


Message History

You slash the adder!
You kill the adder!
Trog accepts your kill.
The gnoll hits you from afar with a spear.
* * * LOW HITPOINT WARNING * * *
The gnoll hits you from afar with a spear.
* * * LOW HITPOINT WARNING * * *
The gnoll hits you with a spear.
* * * LOW HITPOINT WARNING * * *
Items here: )) †† a whip; a spear; an adder corpse; a gnoll corpse You hit the gnoll.
The gnoll is moderately wounded.
The gnoll hits you with a spear.
* * * LOW HITPOINT WARNING * * *
You slash the gnoll!
You kill the gnoll!
Trog accepts your kill. The gnoll hits you with a spear.
You die...

..#........##..##...#
#.#
....................#
#..
...g........#.#.#..##
### ........)##.#.#.#..#
...#..##$..........#
###. #.##.##.....#
.....##.##.###.#..######
## #..g)................
####@###.#..#.##.####
#.# # #..#. #.# # #.# #.
..##.# # #.### #.##.##.#
# #...# .>.....# ###.#
.......# ##.##
#.....#####
##...###.....# #..
#.....##.....# #.#


You could see a gnoll.

Vanquished Creatures
  3 adders (D:2)
  3 gnolls (D:2)
  3 worms (D:2)
  A dart slug (D:2)
  2 leopard geckos
  3 giant cockroaches
  4 goblins
  4 hobgoblins
  3 bats
  3 frilled lizards
  A kobold (D:1)
  2 rats
32 creatures vanquished.

Notes
Turn   | Place    | Note
-------+----------+-------------------------------------------
     0 | D:1      | tof the Minotaur Berserker began the quest for the Orb.
     0 | D:1      | Reached XP level 1. HP: 19/19 MP: 0/0
   248 | D:1      | Reached XP level 2. HP: 23/27 MP: 1/1
   870 | D:2      | Reached XP level 3. HP: 24/33 MP: 2/2
  1156 | D:2      | Reached skill level 1 in Throwing
  1156 | D:2      | Reached XP level 4. HP: 27/40 MP: 3/3
  1157 | D:2      | Reached ** piety under Trog
  1162 | D:2      | HP: 1/60 [gnoll/spear (4)]
  1163 | D:2      | Slain by a gnoll

Vault maps used:
D:1:      minmay_arrival_floating_metal, minmay_misc_feat_rows

Skill      XL: |  1  2  3 |
---------------+----------+-----
Long Blades    | 4 |  4.8
Fighting       | 4 |  4.2
Armour         | 3 |  3.2
Throwing       | 1 |  1.1
Dodging        | |  2.9

Action                   |  1- 3 |  4- 6 || total
-------------------------+-------+-------++-------
Melee: Falchion          |    60 |     6 ||    66
       Headbutt          |     9 |       ||     9
Invok: Berserk           |     1 |       ||     1
 Stab: Sleeping          |     1 |       ||     1
  Eat: Chunk             |     1 |       ||     1
Armor: Animal skin       |     2 |       ||     2
       Leather armour    |     2 |       ||     2
Dodge: Dodged            |    36 |     3 ||    39
       Rpst.: Falchion   |    10 |       ||    10

Table legend:
 A = Spawn XP
 B = Non-spawn XP
 C = Spawn XP percentage of total XP
 D = Spawn monster count
 E = Non-spawn monster count
 F = Spawn count percentage of total count
 G = Total turns spent on level
                    A         B        C        D         E        F      G
               +---------+---------+-------+---------+---------+-------+---------
         Total |       0 |     137 |   0.0 |       0 |      32 |   0.0 |  1163
               +---------+---------+-------+---------+---------+-------+---------
           D:1 |       0 |      20 |   0.0 |       0 |      12 |   0.0 |   613
           D:2 |       0 |     117 |   0.0 |       0 |      20 |   0.0 |   550
               +---------+---------+-------+---------+---------+-------+---------
